[ AOE2 MATCH · #461749772 ]
Team RMShu vs Inca
[ REPLAY ANALYSIS · EXTRACTED FROM THE RECORDED GAME ]
Feudal
—
Castle
—
Imperial
—
| APM avg | 17.3 |
| APM peak | 179 |
| eAPM avg | 15.4 |
| Villagers / military | 49 / 24 |
Focus
⚔️ 8.8% · 🌾 91.2%
Militia ×11 · Archer ×10 · Fishing Ship ×4 · Battering Ram ×3
Feudal
—
Castle
—
Imperial
—
| APM avg | 0.2 |
| APM peak | 8 |
| eAPM avg | 0.1 |
| Villagers / military | 0 / 0 |
Focus
⚔️ 0.0% · 🌾 100.0%
Feudal
14:28
Castle
32:02
Imperial
—
| APM avg | 10.0 |
| APM peak | 20 |
| eAPM avg | 7.5 |
| Villagers / military | 53 / 67 |
Focus
⚔️ 27.5% · 🌾 72.5%
Archer ×17 · Militia ×17 · Skirmisher ×13 · Trade Cart ×9 · Spearman ×7 · Scout Cavalry ×6
Feudal
—
Castle
—
Imperial
—
| APM avg | 7.9 |
| APM peak | 17 |
| eAPM avg | 5.8 |
| Villagers / military | 42 / 2 |
Focus
⚔️ 11.9% · 🌾 88.1%
Militia ×2 · Fishing Ship ×2
Feudal
16:15
Castle
36:03
Imperial
—
| APM avg | 12.4 |
| APM peak | 28 |
| eAPM avg | 8.6 |
| Villagers / military | 44 / 73 |
Focus
⚔️ 31.9% · 🌾 68.1%
Militia ×66 · Skirmisher ×7
Feudal
12:35
Castle
—
Imperial
—
| APM avg | 10.9 |
| APM peak | 45 |
| eAPM avg | 6.6 |
| Villagers / military | 56 / 20 |
Focus
⚔️ 28.7% · 🌾 71.3%
Archer ×11 · Skirmisher ×5 · Militia ×4
Feudal
16:54
Castle
22:04
Imperial
—
| APM avg | 15.9 |
| APM peak | 50 |
| eAPM avg | 10.9 |
| Villagers / military | 72 / 23 |
Focus
⚔️ 25.8% · 🌾 74.2%
Fishing Ship ×17 · Battering Ram ×17 · Demolition Raft ×3 · Knight ×2 · Transport Ship ×1
Feudal
12:41
Castle
27:25
Imperial
—
| APM avg | 10.4 |
| APM peak | 25 |
| eAPM avg | 6.2 |
| Villagers / military | 43 / 31 |
Focus
⚔️ 28.6% · 🌾 71.4%
Skirmisher ×15 · Unknown (2550) ×12 · Archer ×9 · Battering Ram ×7
Match map
Resources at game start + every placement click. Thick line = wall · dashed box = detected house wall. 🟡 gold · ⚪ stone · 🟢 berries · 🔶 boar · ⭕ relic
Inputs per minute
— SkilzDatKilz845 - - Mysterious Cat
Build order — SkilzDatKilz845
123 actions detected in the replay
| 1:05 | Build | Town Center |
| 2:48 | Create | Villager (Male) |
| 2:48 | Create | Villager (Male) |
| 2:48 | Create | Villager (Male) |
| 2:49 | Create | Villager (Male) |
| 3:00 | Build | House |
| 3:02 | Build | House |
| 3:05 | Build | House |
| 3:13 | Build | House |
| 3:50 | Create | Villager (Male) |
| 4:45 | Create | Villager (Male) |
| 5:16 | Build | Mining Camp |
| 5:23 | Create | Villager (Male) |
| 6:35 | Create | Villager (Male) |
| 6:35 | Create | Villager (Male) |
| 6:36 | Create | Villager (Male) |
| 7:21 | Build | Outpost |
| 7:26 | Create | Villager (Male) |
| 7:27 | Create | Villager (Male) |
| 7:57 | Create | Villager (Male) |
| 7:57 | Create | Villager (Male) |
| 8:34 | Create | Villager (Male) |
| 8:45 | Build | Dock |
| 8:56 | Create | Villager (Male) |
| 9:46 | Create | Villager (Male) |
| 9:55 | Build | Mill |
| 10:02 | Create | Villager (Male) |
| 10:02 | Create | Villager (Male) |
| 10:21 | Create | Fishing Ship |
| 10:44 | Create | Villager (Male) |
| 10:44 | Create | Villager (Male) |
| 11:09 | Build | House |
| 11:11 | Build | House |
| 11:14 | Build | House |
| 11:18 | Create | Villager (Male) |
| 11:19 | Create | Villager (Male) |
| 11:59 | Build | Mill |
| 12:16 | Create | Villager (Male) |
| 12:16 | Create | Villager (Male) |
| 12:16 | Create | Villager (Male) |
| 12:28 | Create | Fishing Ship |
| 12:57 | Create | Villager (Male) |
| 12:57 | Create | Villager (Male) |
| 12:58 | Create | Villager (Male) |
| 13:08 | Build | Farm |
| 13:15 | Create | Villager (Male) |
| 13:18 | Create | Villager (Male) |
| 13:29 | Create | Fishing Ship |
| 13:52 | Create | Villager (Male) |
| 13:54 | Create | Villager (Male) |
| 13:59 | Research | Feudal Age |
| 14:10 | Create | Fishing Ship |
| 14:48 | Research | Loom |
| 15:10 | Create | Villager (Male) |
| 15:11 | Create | Villager (Male) |
| 15:11 | Create | Villager (Male) |
| 15:34 | Build | Barracks |
| 16:27 | Build | Watch Tower |
| 16:42 | Research | Man-at-Arms (upgrade) |
| 16:45 | Research | Arson |
| 17:23 | Build | Archery Range |
| 17:49 | Create | Villager (Male) |
| 17:49 | Create | Villager (Male) |
| 18:03 | Build | Lumber Camp |
| 18:33 | Build | House |
| 18:36 | Build | House |
| 18:36 | Build | House |
| 18:44 | Create | Villager (Male) |
| 18:44 | Create | Villager (Male) |
| 18:45 | Create | Villager (Male) |
| 19:06 | Research | Double-Bit Axe |
| 19:19 | Create | Militia ×5 |
| 19:24 | Create | Archer ×3 |
| 20:02 | Create | Villager (Male) |
| 20:03 | Create | Villager (Male) |
| 20:03 | Create | Villager (Male) |
| 20:15 | Create | Archer |
| 20:15 | Create | Archer |
| 20:18 | Create | Militia |
| 20:18 | Create | Militia |
| 20:25 | Build | Mill |
| 20:37 | Build | Mill |
| 20:51 | Build | House |
| 20:52 | Build | House |
| 20:53 | Build | House |
| 20:54 | Build | House |
| 21:08 | Build | Blacksmith |
| 21:18 | Research | Horse Collar |
| 21:49 | Research | Wheelbarrow |
| 21:50 | Create | Villager (Male) |
| 21:50 | Create | Villager (Male) |
| 21:51 | Create | Villager (Male) |
| 22:22 | Build | Market |
| 22:30 | Research | Tech 906 |
| 22:57 | Build | Fish Trap |
| 22:59 | Build | Fish Trap |
| 23:20 | Build | House |
| 23:22 | Build | House |
| 23:23 | Build | House |
| 23:24 | Build | House |
| 23:25 | Build | House |
| 23:37 | Research | Castle Age |
| 23:41 | Create | Villager (Male) |
| 23:41 | Create | Villager (Male) |
| 23:44 | Create | Archer ×5 |
| 24:00 | Build | Mill |
| 25:00 | Build | Stable |
| 25:05 | Build | Fish Trap |
| 25:09 | Build | Fish Trap |
| 26:26 | Build | Siege Workshop |
| 26:42 | Build | Lumber Camp |
| 27:01 | Build | Castle |
| 27:35 | Create | Battering Ram |
| 27:40 | Create | Militia |
| 27:41 | Create | Militia |
| 28:57 | Research | Crossbowman (upgrade) |
| 29:26 | Research | Fletching |
| 29:38 | Create | Battering Ram |
| 29:40 | Create | Battering Ram |
| 29:59 | Build | Mining Camp |
| 30:44 | Research | Long Swordsman (upgrade) |
| 30:45 | Research | Gambesons |
| 30:46 | Create | Militia ×2 |
Build order — Mysterious Cat
1 actions detected in the replay
| 0:23 | Build | Town Center |
Build order — mejiazerg
142 actions detected in the replay
| 0:22 | Build | Town Center |
| 1:56 | Create | Villager (Male) ×4 |
| 1:57 | Create | Villager (Male) ×4 |
| 2:38 | Build | House |
| 2:44 | Build | House |
| 3:11 | Build | Mill |
| 3:37 | Create | Villager (Male) |
| 4:05 | Create | Villager (Male) |
| 4:33 | Create | Villager (Male) |
| 5:17 | Build | Lumber Camp |
| 5:22 | Create | Villager (Male) |
| 5:58 | Create | Villager (Male) |
| 6:14 | Build | House |
| 6:26 | Create | Villager (Male) ×2 |
| 6:27 | Create | Villager (Male) ×2 |
| 7:22 | Build | Palisade Wall |
| 7:28 | Create | Villager (Male) ×3 |
| 7:56 | Build | Palisade Wall |
| 8:08 | Create | Villager (Male) |
| 8:38 | Create | Villager (Male) |
| 8:50 | Build | House |
| 9:08 | Create | Villager (Male) |
| 9:29 | Create | Villager (Male) |
| 9:30 | Create | Villager (Male) |
| 9:53 | Build | Palisade Wall |
| 10:39 | Build | House |
| 10:47 | Create | Villager (Male) |
| 10:47 | Create | Villager (Male) |
| 10:47 | Create | Villager (Male) |
| 10:47 | Create | Villager (Male) |
| 11:13 | Build | Palisade Wall |
| 11:42 | Build | Palisade Wall |
| 12:17 | Research | Feudal Age |
| 12:19 | Create | Villager (Male) ×2 |
| 12:36 | Build | Lumber Camp |
| 12:49 | Build | Palisade Wall |
| 13:01 | Build | Building 800 |
| 13:05 | Create | Villager (Male) ×4 |
| 13:50 | Build | Mill |
| 14:09 | Build | Mining Camp |
| 14:13 | Create | Villager (Male) |
| 14:13 | Create | Villager (Male) |
| 14:16 | Research | Loom |
| 14:24 | Build | Farm |
| 14:27 | Build | Farm |
| 14:28 | Age | Feudal Age |
| 14:35 | Research | Horse Collar |
| 14:52 | Build | Watch Tower |
| 15:14 | Build | Barracks |
| 15:37 | Build | House |
| 15:39 | Build | House |
| 16:10 | Research | Man-at-Arms (upgrade) |
| 16:11 | Create | Militia |
| 16:11 | Create | Militia |
| 16:16 | Build | Farm |
| 16:18 | Build | Farm |
| 16:23 | Create | Spearman |
| 16:23 | Create | Spearman |
| 16:30 | Build | Farm |
| 16:39 | Build | Farm |
| 16:50 | Create | Militia |
| 16:50 | Create | Militia |
| 17:06 | Build | Archery Range |
| 17:14 | Create | Spearman ×2 |
| 17:14 | Create | Spearman ×2 |
| 17:24 | Build | Farm |
| 17:51 | Build | Lumber Camp |
| 18:11 | Create | Militia |
| 18:53 | Create | Skirmisher |
| 19:40 | Research | Gold Mining |
| 19:52 | Create | Skirmisher ×3 |
| 19:52 | Create | Archer |
| 20:04 | Create | Villager (Male) ×2 |
| 20:19 | Build | House |
| 20:20 | Build | House |
| 20:32 | Create | Skirmisher ×2 |
| 20:33 | Create | Skirmisher ×2 |
| 20:33 | Create | Archer |
| 20:56 | Create | Militia |
| 21:10 | Build | Stable |
| 21:29 | Create | Militia ×3 |
| 21:30 | Create | Militia ×3 |
| 21:59 | Create | Scout Cavalry |
| 22:13 | Create | Scout Cavalry |
| 23:03 | Create | Scout Cavalry ×2 |
| 23:03 | Create | Scout Cavalry ×2 |
| 23:06 | Create | Militia |
| 23:07 | Create | Spearman |
| 23:11 | Create | Archer ×5 |
| 23:28 | Build | Mill |
| 23:42 | Create | Villager (Male) |
| 23:42 | Create | Villager (Male) |
| 23:48 | Build | Farm |
| 23:55 | Build | Farm |
| 24:09 | Create | Skirmisher ×5 |
| 24:25 | Create | Villager (Male) |
| 24:43 | Build | Lumber Camp |
| 24:53 | Build | House |
| 24:53 | Build | House |
| 25:05 | Create | Villager (Male) ×3 |
| 25:25 | Create | Militia ×2 |
| 25:25 | Create | Militia ×2 |
| 26:03 | Build | Mining Camp |
| 26:20 | Build | Archery Range |
| 27:05 | Research | Wheelbarrow |
| 27:06 | Research | Town Watch |
| 27:18 | Research | Double-Bit Axe |
| 27:33 | Create | Archer ×5 |
| 27:34 | Create | Archer ×5 |
| 28:14 | Build | Market |
| 28:40 | Build | Lumber Camp |
| 28:49 | Build | Farm |
| 29:13 | Build | Mill |
| 29:22 | Research | Castle Age |
| 29:42 | Build | Palisade Wall |
| 29:50 | Create | Villager (Male) ×3 |
| 29:57 | Build | House |
| 30:15 | Create | Trade Cart |
| 30:33 | Build | House |
| 31:05 | Build | House |
| 31:07 | Build | House |
| 31:31 | Build | Farm |
| 32:02 | Age | Castle Age |
| 32:05 | Build | Lumber Camp |
| 32:18 | Build | Blacksmith |
| 33:08 | Build | Siege Workshop |
| 33:12 | Research | Fletching |
| 33:13 | Research | Scale Mail Armor |
| 33:13 | Research | Padded Archer Armor |
| 33:19 | Create | Knight ×5 |
| 33:20 | Research | Husbandry |
| 33:50 | Create | Trade Cart ×5 |
| 33:50 | Create | Trade Cart ×3 |
| 34:35 | Create | Battering Ram |
| 34:35 | Create | Battering Ram |
| 35:00 | Research | Thumb Ring |
| 35:02 | Create | Villager (Male) ×5 |
| 35:32 | Build | Mill |
| 36:16 | Build | House |
| 36:17 | Build | House |
| 36:18 | Build | House |
| 37:05 | Build | Mining Camp |
Build order — Jaereg
73 actions detected in the replay
| 0:19 | Build | Town Center |
| 1:53 | Create | Villager (Male) |
| 1:54 | Create | Villager (Male) |
| 1:54 | Create | Villager (Male) |
| 1:54 | Create | Villager (Male) |
| 2:50 | Build | House |
| 2:55 | Research | Loom |
| 3:12 | Create | Villager (Male) ×2 |
| 3:24 | Create | Villager (Male) |
| 3:32 | Build | House |
| 3:35 | Build | House |
| 3:40 | Build | House |
| 3:42 | Build | House |
| 3:58 | Create | Villager (Male) |
| 4:44 | Create | Villager (Male) |
| 5:07 | Create | Villager (Male) |
| 5:21 | Build | Palisade Wall |
| 5:31 | Create | Villager (Male) |
| 5:44 | Create | Villager (Male) |
| 6:04 | Create | Villager (Male) |
| 6:23 | Create | Villager (Male) |
| 6:23 | Create | Villager (Male) |
| 6:58 | Create | Villager (Male) |
| 7:29 | Create | Villager (Male) |
| 7:29 | Create | Villager (Male) |
| 7:52 | Create | Villager (Male) |
| 8:06 | Create | Villager (Male) |
| 8:06 | Create | Villager (Male) |
| 8:30 | Build | Mill |
| 8:57 | Create | Villager (Male) |
| 8:57 | Create | Villager (Male) |
| 9:47 | Build | Barracks |
| 10:01 | Create | Villager (Male) |
| 10:01 | Create | Villager (Male) |
| 10:02 | Create | Villager (Male) |
| 10:51 | Create | Villager (Male) |
| 11:49 | Build | Mill |
| 12:10 | Create | Villager (Male) |
| 12:10 | Create | Villager (Male) |
| 12:40 | Build | Dock |
| 12:51 | Create | Villager (Male) |
| 13:29 | Build | Mill |
| 13:36 | Research | Feudal Age |
| 14:42 | Create | Villager (Male) |
| 15:04 | Create | Militia |
| 15:06 | Create | Militia |
| 15:27 | Create | Fishing Ship |
| 15:30 | Create | Fishing Ship |
| 15:52 | Build | House |
| 17:30 | Create | Villager (Male) |
| 17:45 | Build | Archery Range |
| 19:16 | Create | Villager (Male) |
| 20:05 | Build | Market |
| 20:36 | Research | Castle Age |
| 21:01 | Build | Watch Tower |
| 21:46 | Build | Mining Camp |
| 22:40 | Research | Gold Mining |
| 23:50 | Build | Mill |
| 24:12 | Build | Blacksmith |
| 25:11 | Build | Town Center |
| 25:34 | Create | Villager (Male) |
| 25:35 | Research | Wheelbarrow |
| 26:20 | Create | Villager (Male) |
| 26:20 | Create | Villager (Male) |
| 26:26 | Build | Lumber Camp |
| 26:59 | Create | Villager (Male) |
| 27:00 | Create | Villager (Male) |
| 27:00 | Create | Villager (Male) |
| 27:20 | Research | Double-Bit Axe |
| 27:24 | Create | Villager (Male) |
| 27:25 | Create | Villager (Male) |
| 29:07 | Build | Castle |
| 31:26 | Create | Villager (Male) |
Build order — ramiro98mejia
First 150 of 155 actions detected
| 0:27 | Build | Town Center |
| 2:03 | Create | Villager (Male) |
| 2:04 | Create | Villager (Male) |
| 2:04 | Create | Villager (Male) |
| 2:11 | Build | House |
| 2:42 | Create | Villager (Male) |
| 2:42 | Create | Villager (Male) |
| 3:44 | Create | Villager (Male) |
| 4:18 | Create | Villager (Male) |
| 4:23 | Build | House |
| 4:38 | Create | Villager (Male) |
| 5:16 | Create | Villager (Male) |
| 5:16 | Create | Villager (Male) |
| 5:55 | Create | Villager (Male) |
| 6:21 | Create | Villager (Male) |
| 6:27 | Build | Mill |
| 7:03 | Create | Villager (Male) |
| 7:16 | Build | House |
| 7:33 | Create | Villager (Male) |
| 7:59 | Build | Barracks |
| 8:02 | Create | Villager (Male) |
| 8:02 | Create | Villager (Male) |
| 8:23 | Create | Villager (Male) |
| 8:55 | Create | Militia |
| 8:55 | Create | Militia |
| 9:08 | Create | Villager (Male) |
| 9:16 | Build | Mill |
| 9:34 | Build | House |
| 9:47 | Create | Villager (Male) |
| 9:52 | Create | Villager (Male) |
| 10:35 | Create | Villager (Male) |
| 10:59 | Create | Villager (Male) |
| 11:10 | Create | Villager (Male) |
| 11:40 | Build | Palisade Wall |
| 12:53 | Build | Palisade Wall |
| 13:11 | Build | Mill |
| 13:15 | Create | Villager (Male) |
| 13:15 | Create | Villager (Male) |
| 13:16 | Create | Villager (Male) |
| 13:35 | Build | House |
| 14:00 | Build | Palisade Wall |
| 14:05 | Research | Feudal Age |
| 15:13 | Create | Militia |
| 15:13 | Create | Militia |
| 15:14 | Create | Militia |
| 15:14 | Create | Militia |
| 15:20 | Create | Militia |
| 15:20 | Create | Militia |
| 15:44 | Build | Mill |
| 16:15 | Age | Feudal Age |
| 16:20 | Build | Archery Range |
| 16:29 | Build | Lumber Camp |
| 17:01 | Create | Skirmisher |
| 17:01 | Create | Skirmisher |
| 17:02 | Create | Skirmisher |
| 17:02 | Create | Skirmisher |
| 17:02 | Create | Skirmisher |
| 17:02 | Create | Skirmisher |
| 17:03 | Create | Skirmisher |
| 17:07 | Build | House |
| 17:12 | Build | House |
| 17:15 | Research | Double-Bit Axe |
| 17:40 | Create | Villager (Male) |
| 17:40 | Create | Villager (Male) |
| 17:41 | Create | Villager (Male) |
| 17:51 | Build | Farm |
| 18:04 | Build | Watch Tower |
| 18:17 | Build | Palisade Wall |
| 19:24 | Build | Mill |
| 19:48 | Build | House |
| 19:50 | Build | House |
| 19:50 | Build | House |
| 19:50 | Build | House |
| 19:54 | Research | Horse Collar |
| 20:08 | Research | Arson |
| 20:16 | Build | Blacksmith |
| 20:21 | Build | Farm |
| 20:23 | Build | Farm |
| 20:24 | Build | Farm |
| 20:26 | Build | Farm |
| 20:28 | Build | Farm |
| 20:30 | Build | Farm |
| 21:16 | Build | Mining Camp |
| 22:19 | Create | Villager (Male) |
| 22:20 | Create | Villager (Male) |
| 22:20 | Create | Villager (Male) |
| 22:20 | Create | Villager (Male) |
| 23:08 | Research | Gold Mining |
| 23:18 | Create | Villager (Male) |
| 23:18 | Create | Villager (Male) |
| 23:19 | Create | Villager (Male) |
| 23:30 | Build | Lumber Camp |
| 24:11 | Research | Man-at-Arms (upgrade) |
| 24:12 | Create | Militia |
| 24:12 | Create | Militia |
| 24:12 | Create | Militia |
| 24:13 | Create | Militia |
| 24:13 | Create | Militia |
| 24:26 | Build | Lumber Camp |
| 24:49 | Create | Villager (Male) |
| 25:20 | Create | Militia |
| 25:21 | Create | Militia |
| 25:26 | Build | Barracks |
| 25:40 | Build | Barracks |
| 26:02 | Create | Militia ×5 |
| 26:03 | Create | Militia ×5 |
| 26:08 | Create | Militia |
| 26:08 | Create | Militia |
| 26:55 | Create | Militia |
| 26:55 | Create | Militia |
| 26:55 | Create | Militia |
| 27:08 | Research | Forging |
| 27:10 | Research | Fletching |
| 27:27 | Create | Militia |
| 27:32 | Create | Militia |
| 27:32 | Create | Militia |
| 27:32 | Create | Militia |
| 27:38 | Build | House |
| 27:40 | Build | House |
| 28:25 | Create | Militia ×5 |
| 28:26 | Create | Militia ×5 |
| 28:26 | Create | Militia ×5 |
| 29:50 | Create | Militia ×5 |
| 29:50 | Create | Militia ×5 |
| 29:51 | Create | Militia ×3 |
| 29:51 | Create | Militia ×3 |
| 29:51 | Create | Militia |
| 30:02 | Build | Farm |
| 30:03 | Build | Farm |
| 30:05 | Build | Farm |
| 30:07 | Build | Farm |
| 30:42 | Build | Mining Camp |
| 31:07 | Create | Villager (Male) |
| 31:08 | Create | Villager (Male) |
| 31:08 | Create | Villager (Male) |
| 31:08 | Create | Villager (Male) |
| 31:14 | Build | Farm |
| 31:18 | Build | Farm |
| 31:20 | Build | Farm |
| 31:21 | Build | Farm |
| 31:23 | Build | Farm |
| 31:25 | Build | Farm |
| 31:28 | Build | Farm |
| 31:31 | Create | Villager (Male) |
| 31:39 | Build | Farm |
| 31:43 | Build | Farm |
| 31:45 | Build | Farm |
| 31:56 | Build | Mill |
| 32:56 | Create | Villager (Male) |
| 32:56 | Create | Villager (Male) |
Build order — Chevalierpersan
115 actions detected in the replay
| 0:30 | Build | Town Center |
| 1:14 | Build | House |
| 1:16 | Build | House |
| 2:20 | Create | Villager (Male) ×5 |
| 2:21 | Research | Loom |
| 2:31 | Build | Mill |
| 3:58 | Create | Villager (Male) |
| 3:58 | Create | Villager (Male) |
| 4:41 | Create | Villager (Male) |
| 4:42 | Create | Villager (Male) |
| 5:21 | Create | Villager (Male) |
| 5:21 | Create | Villager (Male) |
| 5:22 | Create | Villager (Male) |
| 6:06 | Create | Villager (Male) |
| 6:07 | Create | Villager (Male) |
| 6:22 | Create | Villager (Male) |
| 6:22 | Create | Villager (Male) |
| 7:02 | Create | Villager (Male) ×3 |
| 7:03 | Create | Villager (Male) ×3 |
| 7:24 | Build | Lumber Camp |
| 7:28 | Create | Villager (Male) |
| 7:28 | Create | Villager (Male) |
| 7:36 | Build | House |
| 8:03 | Build | House |
| 8:45 | Create | Villager (Male) |
| 8:45 | Create | Villager (Male) |
| 8:46 | Create | Villager (Male) |
| 9:43 | Build | Mining Camp |
| 10:32 | Research | Feudal Age |
| 12:09 | Build | Barracks |
| 12:35 | Age | Feudal Age |
| 12:39 | Research | Wheelbarrow |
| 12:40 | Research | Town Watch |
| 13:11 | Build | Archery Range |
| 13:21 | Build | Archery Range |
| 13:28 | Research | Double-Bit Axe |
| 13:55 | Build | House |
| 14:08 | Create | Villager (Male) |
| 14:08 | Create | Villager (Male) |
| 14:20 | Create | Archer |
| 14:20 | Create | Archer |
| 14:20 | Create | Archer |
| 14:22 | Create | Archer |
| 14:46 | Build | Blacksmith |
| 14:51 | Create | Villager (Male) |
| 15:11 | Create | Militia |
| 15:11 | Create | Militia |
| 15:21 | Build | Farm |
| 15:23 | Build | Farm |
| 15:27 | Build | Farm |
| 15:42 | Build | House |
| 15:51 | Create | Militia |
| 15:51 | Create | Militia |
| 15:57 | Build | Farm |
| 16:07 | Build | Farm |
| 16:14 | Build | House |
| 16:27 | Research | Arson |
| 16:28 | Create | Villager (Male) |
| 16:29 | Create | Villager (Male) |
| 16:35 | Build | House |
| 17:07 | Build | Mill |
| 17:18 | Create | Villager (Male) |
| 17:18 | Create | Villager (Male) |
| 17:42 | Create | Archer |
| 17:42 | Create | Archer |
| 18:17 | Create | Villager (Male) |
| 18:18 | Create | Villager (Male) |
| 18:18 | Create | Villager (Male) |
| 18:18 | Create | Villager (Male) |
| 18:34 | Research | Man-at-Arms (upgrade) |
| 18:52 | Create | Villager (Male) |
| 18:53 | Create | Villager (Male) |
| 18:55 | Build | Farm |
| 19:34 | Create | Archer |
| 19:34 | Create | Archer |
| 19:35 | Create | Archer |
| 19:38 | Research | Padded Archer Armor |
| 19:40 | Create | Villager (Male) |
| 19:40 | Create | Villager (Male) |
| 19:45 | Build | Farm |
| 19:58 | Build | Watch Tower |
| 20:05 | Build | Lumber Camp |
| 20:13 | Create | Skirmisher |
| 20:13 | Create | Skirmisher |
| 20:13 | Create | Skirmisher |
| 20:18 | Create | Villager (Male) |
| 20:18 | Create | Villager (Male) |
| 21:04 | Research | Fletching |
| 21:05 | Research | Scale Mail Armor |
| 21:24 | Build | Farm |
| 21:45 | Create | Villager (Male) |
| 21:45 | Create | Villager (Male) |
| 21:46 | Create | Villager (Male) |
| 21:46 | Create | Villager (Male) |
| 21:50 | Create | Archer |
| 21:50 | Create | Archer |
| 22:21 | Create | Skirmisher |
| 22:21 | Create | Skirmisher |
| 22:58 | Build | Farm |
| 23:00 | Build | Farm |
| 23:01 | Build | Farm |
| 23:09 | Build | Mill |
| 23:12 | Create | Villager (Male) |
| 23:12 | Create | Villager (Male) |
| 23:53 | Create | Villager (Male) |
| 23:53 | Create | Villager (Male) |
| 23:53 | Create | Villager (Male) |
| 23:53 | Create | Villager (Male) |
| 24:06 | Build | Farm |
| 24:22 | Build | Mill |
| 24:26 | Build | Farm |
| 24:27 | Build | Farm |
| 24:40 | Create | Villager (Male) |
| 24:40 | Create | Villager (Male) |
| 24:57 | Build | Farm |
Build order — CHAPO
First 150 of 197 actions detected
| 0:08 | Build | House |
| 0:42 | Build | Town Center |
| 0:58 | Build | Town Center |
| 2:32 | Create | Villager (Male) |
| 2:32 | Create | Villager (Male) |
| 2:33 | Create | Villager (Male) |
| 2:33 | Create | Villager (Male) |
| 3:54 | Create | Villager (Male) |
| 4:15 | Build | House |
| 4:28 | Create | Villager (Male) |
| 4:38 | Build | House |
| 5:03 | Create | Villager (Male) |
| 5:13 | Create | Villager (Male) |
| 5:47 | Create | Villager (Male) |
| 6:10 | Build | House |
| 6:11 | Build | House |
| 6:14 | Create | Villager (Male) |
| 6:33 | Create | Villager (Male) |
| 7:09 | Create | Villager (Male) |
| 7:32 | Build | Lumber Camp |
| 7:39 | Research | Loom |
| 7:53 | Create | Villager (Male) |
| 7:53 | Create | Villager (Male) |
| 8:17 | Create | Villager (Male) |
| 8:47 | Create | Villager (Male) |
| 9:35 | Create | Villager (Male) |
| 9:50 | Build | Mill |
| 9:51 | Create | Villager (Male) |
| 9:51 | Create | Villager (Male) |
| 9:56 | Build | Mill |
| 10:14 | Build | Mill |
| 10:32 | Build | Dock |
| 10:39 | Create | Villager (Male) |
| 11:12 | Create | Villager (Male) |
| 11:25 | Create | Villager (Male) |
| 11:46 | Create | Fishing Ship |
| 11:51 | Create | Fishing Ship |
| 11:54 | Create | Villager (Male) |
| 12:04 | Create | Villager (Male) |
| 12:09 | Create | Fishing Ship |
| 12:48 | Create | Villager (Male) |
| 12:48 | Create | Villager (Male) |
| 12:50 | Create | Villager (Male) |
| 12:54 | Create | Fishing Ship |
| 13:00 | Build | House |
| 13:02 | Build | House |
| 13:04 | Build | House |
| 13:05 | Build | House |
| 13:08 | Create | Villager (Male) |
| 13:38 | Create | Villager (Male) |
| 14:08 | Create | Villager (Male) |
| 14:11 | Create | Fishing Ship |
| 14:12 | Create | Fishing Ship |
| 14:12 | Create | Fishing Ship |
| 14:36 | Research | Feudal Age |
| 14:51 | Build | Mining Camp |
| 14:59 | Create | Villager (Male) |
| 15:20 | Create | Villager (Male) |
| 15:40 | Build | Lumber Camp |
| 15:44 | Create | Villager (Male) |
| 16:01 | Create | Fishing Ship |
| 16:54 | Age | Feudal Age |
| 17:02 | Create | Villager (Male) |
| 17:51 | Create | Villager (Male) |
| 18:04 | Create | Villager (Male) |
| 18:16 | Build | Blacksmith |
| 18:19 | Build | Market |
| 18:25 | Research | Double-Bit Axe |
| 18:27 | Create | Villager (Male) |
| 18:48 | Build | House |
| 18:51 | Build | House |
| 18:53 | Create | Villager (Male) |
| 19:01 | Build | Mill |
| 19:18 | Research | Castle Age |
| 19:51 | Create | Villager (Male) |
| 19:52 | Create | Villager (Male) |
| 19:52 | Create | Villager (Male) |
| 20:02 | Create | Transport Ship |
| 20:38 | Build | House |
| 20:39 | Build | House |
| 20:40 | Build | House |
| 20:41 | Build | House |
| 20:41 | Build | House |
| 20:54 | Build | Mill |
| 21:45 | Create | Villager (Male) |
| 21:45 | Create | Villager (Male) |
| 21:46 | Create | Villager (Male) |
| 22:04 | Age | Castle Age |
| 22:17 | Create | Villager (Male) |
| 22:18 | Create | Villager (Male) |
| 22:19 | Create | Villager (Male) |
| 22:51 | Build | Town Center |
| 22:54 | Create | Villager (Male) |
| 22:54 | Create | Villager (Male) |
| 23:46 | Research | Wheelbarrow |
| 23:51 | Create | Villager (Male) |
| 23:51 | Create | Villager (Male) |
| 24:00 | Research | Wheelbarrow |
| 24:13 | Build | Town Center |
| 24:35 | Build | House |
| 24:36 | Build | House |
| 24:36 | Build | House |
| 24:36 | Build | House |
| 24:36 | Build | House |
| 24:39 | Create | Villager (Male) |
| 24:40 | Create | Villager (Male) |
| 24:47 | Create | Villager (Male) |
| 24:54 | Build | Mining Camp |
| 25:29 | Create | Villager (Male) |
| 25:30 | Create | Villager (Male) |
| 25:39 | Create | Villager (Male) |
| 25:39 | Create | Villager (Male) |
| 25:45 | Build | Lumber Camp |
| 25:52 | Create | Villager (Male) |
| 26:00 | Build | Mining Camp |
| 26:06 | Research | Scale Barding Armor |
| 26:06 | Research | Forging |
| 26:13 | Build | Barracks |
| 26:32 | Research | Hand Cart |
| 26:34 | Create | Villager (Male) |
| 26:34 | Create | Villager (Male) |
| 26:34 | Create | Villager (Male) |
| 26:35 | Create | Villager (Male) |
| 26:36 | Create | Villager (Male) |
| 26:36 | Create | Villager (Male) |
| 26:37 | Create | Villager (Male) |
| 26:40 | Research | Stone Mining |
| 26:40 | Research | Gold Mining |
| 26:55 | Build | Stable |
| 27:21 | Build | Stable |
| 27:32 | Create | Villager (Male) |
| 27:33 | Create | Villager (Male) |
| 27:33 | Create | Villager (Male) |
| 27:55 | Build | Stable |
| 28:24 | Build | Siege Workshop |
| 28:26 | Create | Villager (Male) |
| 28:47 | Create | Battering Ram |
| 29:03 | Create | Battering Ram |
| 29:08 | Create | Knight |
| 29:24 | Build | Castle |
| 29:59 | Create | Knight |
| 30:55 | Build | Siege Workshop |
| 30:58 | Create | Battering Ram |
| 30:58 | Create | Battering Ram |
| 31:02 | Create | Villager (Male) |
| 31:03 | Create | Villager (Male) |
| 31:12 | Build | Lumber Camp |
| 31:16 | Create | Demolition Raft |
| 31:17 | Create | Demolition Raft |
| 31:17 | Create | Demolition Raft |
Build order — kamurin4
116 actions detected in the replay
| 0:16 | Build | Town Center |
| 1:50 | Create | Villager (Male) |
| 1:56 | Build | House |
| 2:08 | Create | Villager (Male) |
| 2:40 | Create | Villager (Male) |
| 2:57 | Create | Villager (Male) |
| 3:35 | Create | Villager (Male) |
| 4:06 | Create | Villager (Male) |
| 4:35 | Build | Settlement |
| 4:45 | Create | Villager (Male) |
| 5:15 | Create | Villager (Male) |
| 5:43 | Create | Villager (Male) |
| 6:15 | Create | Villager (Male) |
| 6:39 | Create | Villager (Male) |
| 7:11 | Create | Villager (Male) |
| 7:25 | Build | House |
| 7:50 | Create | Villager (Male) |
| 8:40 | Create | Villager (Male) |
| 9:23 | Create | Villager (Male) |
| 9:28 | Create | Villager (Male) |
| 9:54 | Create | Villager (Male) |
| 10:31 | Research | Feudal Age |
| 10:52 | Build | Settlement |
| 11:49 | Create | Villager (Male) |
| 12:26 | Build | House |
| 12:29 | Build | House |
| 12:41 | Age | Feudal Age |
| 12:44 | Create | Villager (Male) |
| 12:46 | Research | Wheelbarrow |
| 12:54 | Research | Double-Bit Axe |
| 14:19 | Build | Barracks |
| 14:24 | Create | Villager (Male) |
| 14:24 | Create | Villager (Male) |
| 14:38 | Create | Villager (Male) |
| 14:42 | Build | Farm |
| 14:45 | Build | Farm |
| 14:49 | Build | Farm |
| 14:53 | Build | Farm |
| 15:05 | Build | Farm |
| 15:08 | Create | Villager (Male) |
| 15:19 | Build | Settlement |
| 16:13 | Build | Archery Range |
| 16:21 | Create | Villager (Male) ×2 |
| 16:44 | Create | Unit 2550 |
| 17:01 | Create | Archer |
| 17:01 | Create | Archer |
| 17:04 | Build | Farm |
| 17:08 | Create | Villager (Male) |
| 17:29 | Create | Archer |
| 17:54 | Build | Farm |
| 17:56 | Build | Farm |
| 18:01 | Create | Villager (Male) |
| 18:01 | Create | Villager (Male) |
| 18:01 | Create | Villager (Male) |
| 18:29 | Research | Horse Collar |
| 18:38 | Build | Farm |
| 18:47 | Create | Villager (Male) |
| 18:54 | Build | Farm |
| 18:57 | Create | Villager (Male) |
| 19:21 | Build | Farm |
| 19:24 | Create | Villager (Male) |
| 19:40 | Create | Archer |
| 19:40 | Create | Archer |
| 19:47 | Build | Farm |
| 20:01 | Create | Villager (Male) |
| 20:10 | Build | Farm |
| 20:28 | Create | Villager (Male) |
| 20:37 | Build | Farm |
| 20:52 | Create | Villager (Male) |
| 21:02 | Build | Farm |
| 21:10 | Create | Unit 2550 |
| 21:18 | Create | Villager (Male) |
| 21:18 | Create | Villager (Male) |
| 22:06 | Create | Skirmisher |
| 22:07 | Create | Skirmisher |
| 22:07 | Create | Skirmisher |
| 22:07 | Create | Skirmisher |
| 22:08 | Create | Skirmisher |
| 22:08 | Create | Skirmisher |
| 22:50 | Create | Villager (Male) |
| 23:20 | Research | Tech 1402 |
| 23:52 | Build | Settlement |
| 24:16 | Build | Blacksmith |
| 24:45 | Research | Castle Age |
| 25:02 | Create | Archer |
| 25:02 | Create | Archer |
| 25:02 | Create | Archer |
| 25:03 | Create | Archer |
| 25:30 | Create | Unit 2550 |
| 25:31 | Create | Unit 2550 |
| 25:31 | Create | Unit 2550 |
| 25:46 | Research | Scale Mail Armor |
| 26:19 | Create | Skirmisher ×5 |
| 26:37 | Research | Tech 1402 |
| 27:03 | Research | Gold Mining |
| 27:25 | Age | Castle Age |
| 27:26 | Create | Unit 2550 ×4 |
| 28:15 | Create | Skirmisher |
| 28:15 | Create | Skirmisher |
| 28:15 | Create | Skirmisher |
| 28:16 | Create | Skirmisher |
| 28:23 | Build | Siege Workshop |
| 28:43 | Create | Battering Ram |
| 28:43 | Create | Battering Ram |
| 28:43 | Create | Battering Ram |
| 28:49 | Create | Unit 2550 ×3 |
| 30:11 | Create | Battering Ram |
| 32:01 | Research | Heavy Plow |
| 32:06 | Research | Hand Cart |
| 32:12 | Create | Battering Ram |
| 33:11 | Create | Villager (Male) ×5 |
| 33:17 | Research | Tech 1351 |
| 34:10 | Build | Market |
| 35:02 | Research | Gold Shaft Mining |
| 36:41 | Create | Battering Ram |
| 36:41 | Create | Battering Ram |
Match timeline
| 0:49 | Mysterious Cat · resign |
| 1:46 | ramiro98mejia · tribute_sent a jugador 1 |
| 1:46 | ramiro98mejia · tribute_sent a jugador 2 |
| 1:46 | ramiro98mejia · tribute_sent a jugador 3 |
| 1:46 | ramiro98mejia · tribute_sent a jugador 5 |
| 1:46 | ramiro98mejia · tribute_sent a jugador 6 |
| 1:46 | ramiro98mejia · tribute_sent a jugador 7 |
| 1:46 | ramiro98mejia · tribute_sent a jugador 8 |
| 5:21 | Jaereg · wall_segment Palisade Wall x1 |
| 7:22 | mejiazerg · wall_segment Palisade Wall x12 |
| 7:56 | mejiazerg · wall_segment Palisade Wall x5 |
| 7:59 | ramiro98mejia · first_building Barracks |
| 8:45 | SkilzDatKilz845 · first_building Dock |
| 9:47 | Jaereg · first_building Barracks |
| 9:53 | mejiazerg · wall_segment Palisade Wall x5 |
| 10:32 | CHAPO · first_building Dock |
| 11:13 | mejiazerg · wall_segment Palisade Wall x5 |
| 11:40 | ramiro98mejia · wall_segment Palisade Wall x11 |
| 11:42 | mejiazerg · wall_segment Palisade Wall x3 |
| 12:09 | Chevalierpersan · first_building Barracks |
| 12:35 | Chevalierpersan · age_up feudal |
| 12:40 | Jaereg · first_building Dock |
| 12:41 | kamurin4 · age_up feudal |
| 12:49 | mejiazerg · wall_segment Palisade Wall x11 |
| 12:53 | ramiro98mejia · wall_segment Palisade Wall x7 |
| 13:11 | Chevalierpersan · first_building Archery Range |
| 14:00 | ramiro98mejia · wall_segment Palisade Wall x6 |
| 14:19 | kamurin4 · first_building Barracks |
| 14:28 | mejiazerg · age_up feudal |
| 15:14 | mejiazerg · first_building Barracks |
| 15:34 | SkilzDatKilz845 · first_building Barracks |
| 16:13 | kamurin4 · first_building Archery Range |
| 16:15 | ramiro98mejia · age_up feudal |
| 16:20 | ramiro98mejia · first_building Archery Range |
| 16:54 | CHAPO · age_up feudal |
| 17:06 | mejiazerg · first_building Archery Range |
| 17:23 | SkilzDatKilz845 · first_building Archery Range |
| 17:45 | Jaereg · first_building Archery Range |
| 18:17 | ramiro98mejia · wall_segment Palisade Wall x4 |
| 20:32 | Jaereg · first_market_sell 100 wood |
| 21:10 | mejiazerg · first_building Stable |
| 22:04 | CHAPO · age_up castle |
| 23:31 | SkilzDatKilz845 · first_market_buy 100 food |
| 24:30 | Jaereg · first_market_buy 100 stone |
| 25:00 | SkilzDatKilz845 · first_building Stable |
| 25:46 | SkilzDatKilz845 · first_market_sell 500 food |
| 26:13 | CHAPO · first_building Barracks |
| 26:26 | SkilzDatKilz845 · first_building Siege Workshop |
| 26:55 | CHAPO · first_building Stable |
| 27:01 | SkilzDatKilz845 · first_building Castle |
| 27:25 | kamurin4 · age_up castle |
| 28:23 | kamurin4 · first_building Siege Workshop |
| 28:24 | CHAPO · first_building Siege Workshop |
| 29:07 | Jaereg · first_building Castle |
| 29:24 | CHAPO · first_building Castle |
| 29:42 | mejiazerg · wall_segment Palisade Wall x27 |
| 32:02 | mejiazerg · age_up castle |
| 33:08 | mejiazerg · first_building Siege Workshop |
| 34:32 | mejiazerg · first_market_sell 100 wood |
| 34:57 | ramiro98mejia · first_building Dock |
| 36:03 | ramiro98mejia · age_up castle |
| 36:52 | mejiazerg · tribute_sent a jugador 1 |
| 36:52 | mejiazerg · tribute_sent a jugador 3 |
| 36:52 | mejiazerg · tribute_sent a jugador 4 |
| 36:52 | mejiazerg · tribute_sent a jugador 5 |
| 36:52 | mejiazerg · tribute_sent a jugador 6 |
| 36:52 | mejiazerg · tribute_sent a jugador 7 |
| 36:52 | mejiazerg · tribute_sent a jugador 8 |
[ AI ANALYSIS · 1 CREDIT ]
What really happened in this match?
Wolo.gg analyzes every decision: build order, eco, micro, common mistakes by bracket. Personalized analysis on WhatsApp or Discord in 30 seconds.
Civ guide
Shu
Map guide
Shipwreck
Perfil
SkilzDatKilz845